 Dungeon Crawl Stone Soup version 0.29.1-15-g9cfb28693d (webtiles) character file.

Game seed: 10482955683844495383

380 Gabide the Ruffian (level 6, -1/49 HPs)
             Began as a Mummy Berserker on Apr 13, 2023.
             Was a Believer of Trog.
             Slain by a jelly (3 damage)
             ... on level 5 of the Dungeon.
             The game lasted 00:07:17 (3769 turns).

Gabide the Ruffian (Mummy Berserker)                Turns: 3769, Time: 00:07:18

Health: -1/49      AC: -5    Str: 22    XL:     6   Next: 46%
Magic:  6/6        EV: 11    Int:  6    God:    Trog [**....]
Gold:   145        SH:  0    Dex: 12    Spells: 5/5 levels left

rFire   x . .      SeeInvis .     - Unarmed
rCold   + . .      Faith    .   (no shield)
rNeg    + + +      Spirit   .   d - +1 ring mail
rPois   ∞          Reflect  .   (no helmet)
rElec   .          Harm     .   (no cloak)
rCorr   .          Rampage  .   (no gloves)
Will    .....                   (no boots)
Stlth   +.........              (no amulet)
HPRegen 0.16/turn               (no ring)
MPRegen 0.10/turn               (no ring)

@: about to teleport, corroded
A: cold resistance 1, negative energy resistance 3, torment resistance 2, heat
vulnerability 1, in touch with death 1, no potions
a: Renounce Religion, Trog's Hand


You were on level 5 of the Dungeon.
You worshipped Trog.
Trog was pleased with you.
You visited 1 branch of the dungeon, and saw 5 of its levels.

You collected 145 gold pieces.

Inventory:

Hand Weapons
 a - a +0 sling
Missiles
 e - 5 silver boomerangs (quivered)
Armour
 d - a +1 ring mail (worn)
Jewellery
 c - a ring of ice
Scrolls
 b - a scroll of identify
 f - 2 scrolls of vulnerability
 g - a scroll of immolation
 h - a scroll of fog


   Skills:
 + Level 4.4 Fighting
 - Level 1.5 Armour
 + Level 3.1 Dodging
 * Level 4.6 Unarmed Combat


You had 5 spell levels left.
You didn't know any spells.
Your spell library was empty.

Dungeon Overview and Level Annotations

Branches:
Dungeon (5/15)
 Temple: D:4-7

Altars:
Dithmenos

Shops:
D:1 !


Innate Abilities, Weirdness & Mutations

You are immune to poison.
Your flesh is cold resistant. (rC+)
You are immune to negative energy. (rN+++)
You are immune to unholy pain and torment.
You are vulnerable to heat. (rF-)
You are in touch with the powers of death.
You do not drink.


Message History

The quokka bites you but does no damage.
You hit the quokka.
You kill the quokka!
Trog accepts your kill.
No target in view!
a - a +0 sling (weapon)
A jelly comes into view.
The jelly moves out of view.
Found 4 atropa-tipped darts.
You shoot a sling bullet. The sling bullet hits the jelly.
The jelly is lightly wounded.
Really attack while wielding your +0 sling? [Y]es or [N]o only, please.
Really attack while wielding your +0 sling?
Okay, then.
Press: ? - help, v - describe, . - travel
Here: a jelly (lightly wounded)
The floor.
Unknown command.
Unknown command.
You are now empty-handed.
The jelly barely misses you.
You hit the jelly.
Your hands burn!
The jelly is moderately wounded.
The jelly hits you.
You are splashed with acid!
You hit the jelly. The acid corrodes you!
Your hands burn!
The jelly is moderately wounded.
The jelly hits you. The acid corrodes you!
You are splashed with acid!
You hit the jelly but do no damage.
Your hands burn!
The jelly is moderately wounded.
You hit the jelly.
Your hands burn!
The jelly is heavily wounded.
The jelly hits you. The acid corrodes you!
You are splashed with acid.
* * * LOW HITPOINT WARNING * * *
As you read the scroll of teleportation, it crumbles to dust.
You feel strangely unstable. The jelly hits you.
* * * LOW HITPOINT WARNING * * *
You are splashed with acid!
* * * LOW HITPOINT WARNING * * *
The jelly attacks as you move away! The jelly hits you.
You die...

#### .....
#.#(..#### ###
......J@.# ..#
#..##+##.#####.!#
#........#
#:.......#
#...<....#
#.####...# ...#
#...# .....#
#.#.# ..#.##
#.#.#


You could see a jelly.

Vanquished Creatures
  A scorpion (D:4)
  4 hounds
  An orc priest (D:4)
  An orc wizard (D:4)
  A scorpion zombie (D:3)
  A hound skeleton (D:3)
  A hound zombie (D:3)
  2 howler monkey skeletons (D:3)
  An adder (D:2)
  3 dart slugs (D:1)
  An orc (D:4)
  9 ball pythons
  3 endoplasms
  3 giant cockroaches
  5 goblins
  7 hobgoblins
  2 jackals (D:3)
  6 quokkas
  A ball python skeleton (D:3)
  A ball python zombie (D:3)
  3 bats (D:3)
  3 frilled lizards
  A giant cockroach zombie (D:3)
  A jackal zombie (D:3)
  6 kobolds
  5 rats
  2 toadstools (D:1)
75 creatures vanquished.

Vanquished Creatures (others)
  2 toadstools (D:1)
2 creatures vanquished.

Grand Total: 77 creatures vanquished

Notes
Turn   | Place    | Note
-------+----------+-------------------------------------------
     0 | D:1      | Gabide the Mummy Berserker began the quest for the Orb.
     0 | D:1      | Reached XP level 1. HP: 18/18 MP: 1/1
   374 | D:1      | Reached XP level 2. HP: 4/24 MP: 2/2
   375 | D:1      | HP: 1/24 [dart slug (2)]
   673 | D:1      | Found Ycuaf's Distillery.
   950 | D:1      | Found a faded altar of an unknown god.
  1362 | D:2      | Gained mutation: You are in touch with the powers of death.
                  | [Mummy growth]
  1362 | D:2      | Reached XP level 3. HP: 20/29 MP: 3/3
  1582 | D:2      | Reached ** piety under Trog
  1688 | D:2      | Identified the +1 short sword "Dezumm" {distort, rC+ rCorr
                  | Int+5 Dex-3}
  1949 | D:3      | Reached XP level 4. HP: 14/35 MP: 4/4
  2231 | D:3      | Found Cappaemn's Jewellery Shoppe.
  2339 | D:3      | Found a shadowy altar of Dithmenos.
  2635 | D:3      | Reached XP level 5. HP: 42/42 MP: 5/5
  2735 | D:4      | Identified the +3 spear of Extremism {venom, Str+2}
  2922 | D:4      | Reached XP level 6. HP: 41/48 MP: 6/6
  3750 | D:5      | Entered Level 5 of the Dungeon
  3768 | D:5      | HP: 2/49 [acid (7)]
  3769 | D:5      | Slain by a jelly

Illustrated notes

Levels and vault maps discovered:
D:1:      ldierk_water_garden, layout_loops_ring,
          shapermc_ecumenical_altar_notcrosses, serial_shops, shop,
          minmay_small_reverse_x
D:2:      layout_basic
D:3:      layout_rooms, mainiacjoe_overflow_alcove_1, serial_shops, shop,
          serial_undead, serial_undead_c, serial_undead_d, serial_undead_c,
          serial_undead_c, serial_undead_f, serial_undead_f, serial_undead_d,
          serial_undead_d
D:4:      layout_rooms, temple_hall, serial_corexii_hall,
          chequers_hall_statues_corner_a, corexii_hall_statues_s, minivault_11,
          uniq_crazy_yiuf_cottage, uniq_pikel
D:5:      layout_loops_ring, nicolae_qazlal_eye_of_the_storm,
          lemuel_crystal_altar, enter_ossuary_2

Skill      XL: |  1  2  3  4  5  6 |
---------------+-------------------+-----
Unarmed Combat | 3 4 |  4.6
Dodging        | 2 3 |  3.1
Fighting       | 4 |  4.4
Armour         | |  1.5

Action                   |  1- 3 |  4- 6 || total
-------------------------+-------+-------++-------
Melee: Unarmed           |   118 |   136 ||   254
       Punch             |     6 |     4 ||    10
 Fire: Sling             |    44 |    76 ||   120
Throw: Boomerang         |       |     3 ||     3
Invok: Trog's Hand       |       |     2 ||     2
  Use: Scroll            |     5 |     7 ||    12
 Stab: Sleeping          |     1 |       ||     1
Armor: Animal skin       |     5 |       ||     5
       Ring mail         |    22 |    64 ||    86
Dodge: Dodged            |    71 |    77 ||   148
